[Event "Team 45 45 League T23"]
[Site "Internet Chess Club"]
[Date "2004.06.25"]
[Round "3"]
[White "mogwop"]
[Black "Colonel-Klutz"]
[Result "1-0"]
[WhiteElo "1487"]
[BlackElo "1334"]
[TimeControl "2700+45"]

1. d4 Nf6 2. Nf3 g6 3. e3 Bg7 4. Bd3 d5 5. h3 O-O 6. Nbd2 Nc6 7. c3 Re8 8. O-O
e5 9. dxe5 Nxe5 10. Nxe5 Rxe5 11. Re1 c5 12. e4 Qe7 13. Nf3 Re6 14. exd5 Rxe1+
15. Qxe1 Qxe1+ 16. Nxe1 Nxd5 17. Bc4 Be6 18. Nd3 b6 19. Bb3 Rd8 20. Nf4 Nxf4 21.
Bxf4 Bxb3 22. axb3 Rd7 23. Kf1 h6 24. Ke2 g5 25. Be3 f5 26. g3 Re7 27. Kf3 Kf7
28. Re1 Re4 29. Bd2 g4+ 30. hxg4 Rxg4 31. Bf4 a5 32. Rd1 Bf8 33. Rd7+ Ke6 34.
Rb7 h5 35. Rxb6+ Kd5 36. Ra6 h4 37. gxh4 Rxh4 38. Rxa5 Bd6 39. Bxd6 Kxd6 40. Rb5
Rh1 41. b4 cxb4 42. Rxb4 Rh3+ 43. Kf4 Rh2 44. f3 Rh4+ 45. Kxf5 Rh5+ 46. Kf6 Rh6+
47. Kg5 Rh3 48. f4 Rg3+ 49. Kf6 Re3 50. f5 Kc5 51. Kf7 Kd6 52. f6 Kd7 53. Rf4
Rh3 54. Rg4 Rh7+ 55. Rg7 Rh8 56. Kg6+ Ke6 57. Re7+ Kd6 58. Re2 Ra8 59. f7 {Black
resigns} 1-0

[Event "Team 45 45 League T23"]
[Site "Internet Chess Club"]
[Date "2004.06.26"]
[Round "3"]
[White "ChessmanDan"]
[Black "az2112"]
[Result "1-0"]
[WhiteElo "1835"]
[BlackElo "1706"]
[TimeControl "2700+45"]

1. e4 d6 2. d4 Nf6 3. Nc3 g6 4. g3 Bg7 5. Nge2 O-O 6. Bg2 Nbd7 7. a4 c5 8. O-O
a6 9. h3 Rb8 10. Be3 cxd4 11. Nxd4 Ne5 12. b3 Qc7 13. Qd2 Bd7 14. f4 Nc6 15.
Rad1 Rfd8 16. f5 Nxd4 17. Bxd4 e5 18. fxe6 Bxe6 19. Bxf6 Bxf6 20. Rxf6 d5 21.
Nxd5 Qxg3 22. Rf3 {Black resigns} 1-0

[Event "Team 45 45 League T23"]
[Site "Internet Chess Club"]
[Date "2004.06.26"]
[Round "3"]
[White "dondel"]
[Black "ChessicStudent"]
[Result "0-1"]
[WhiteElo "1622"]
[BlackElo "1552"]
[TimeControl "2700+45"]

1. e4 e6 2. Nf3 d5 3. e5 c5 4. d4 cxd4 5. Nxd4 Nc6 6. Bf4 Qb6 7. Nxc6 bxc6 8. b3
Ne7 9. Nc3 Ng6 10. Ne2 Bc5 11. Be3 Bxe3 12. fxe3 Qxe3 13. Qd4 Qxe5 14. Qxe5 Nxe5
15. Nf4 a5 16. a4 Ba6 17. O-O-O Bxf1 18. Rdxf1 Ke7 19. Kd2 c5 20. Re1 Kd6 21.
Re2 Rhc8 22. Rhe1 Nc6 23. Nh5 Nd4 24. Rf2 Nf5 25. g4 g6 26. gxf5 gxh5 27. f6 Re8
28. Rg1 Rg8 29. Rfg2 Rg6 30. Rxg6 hxg6 31. h4 Ke5 32. Rf1 Rb8 33. Kd3 Rb4 34.
Rf2 Rxh4 35. c3 Rf4 36. Re2+ Kxf6 37. Ke3 Re4+ 38. Kf3 Rxe2 39. Kxe2 Ke5 40. Ke3
h4 41. Kf2 g5 42. Kg2 g4 {White resigns} 0-1

[Event "Team 45 45 League T23"]
[Site "Internet Chess Club"]
[Date "2004.06.28"]
[Round "3"]
[White "jks2000"]
[Black "GadsHill"]
[Result "1/2-1/2"]
[WhiteElo "1505"]
[BlackElo "1516"]
[TimeControl "2700+45"]

1. c4 e6 2. g3 Nf6 3. Bg2 d5 4. cxd5 Nxd5 5. Nc3 Be7 6. d4 O-O 7. Nh3 c6 8. Nf4
Nb6 9. e3 N8d7 10. a4 Nf6 11. a5 Nc4 12. a6 Qc7 13. b3 Nb6 14. Ba3 Bxa3 15. Rxa3
bxa6 16. Nd3 Nbd5 17. Na4 a5 18. Nac5 Nb4 19. O-O Nfd5 20. Qd2 Nxd3 21. Qxd3 Nb4
22. Qc3 Rb8 23. Rfa1 Na6 24. Rxa5 Nxc5 25. Qxc5 Rxb3 26. Qxc6 Qxc6 27. Bxc6 a6
28. Bg2 Rd8 29. Bf1 g6 30. Bxa6 Bxa6 31. Rxa6 Rdb8 32. Ra8 Rxa8 33. Rxa8+ Kg7
34. Ra5 Kf6 35. Kg2 Rd3 36. Kf3 Rd1 37. g4 g5 38. Kg3 Rg1+ 39. Kf3 Rd1 40. Kg3
{Game drawn by mutual agreement} 1/2-1/2

[Event "Team 45 45 League T23"]
[Site "Internet Chess Club"]
[Date "2004.06.25"]
[Round "3"]
[White "rgadoury"]
[Black "Gomer"]
[Result "1-0"]
[WhiteElo "1401"]
[BlackElo "1491"]
[TimeControl "2700+45"]

1. d4 Nf6 2. Nf3 d5 3. Nc3 Nc6 4. g3 e6 5. a3 Bd6 6. Bg2 O-O 7. O-O Qe7 8. Nb5
e5 9. Nxd6 Qxd6 10. dxe5 Nxe5 11. Bf4 Nxf3+ 12. Bxf3 Qc6 13. Rc1 Bg4 14. Bxg4
Nxg4 15. h3 Nf6 16. Qd4 Rfe8 17. Be5 Re6 18. Bxf6 Rxf6 19. c4 dxc4 20. Rxc4 Rd6
21. Rxc6 Rxd4 22. Rxc7 b5 23. Rfc1 Rc4 24. R7xc4 bxc4 25. Rxc4 f6 26. f4 Rd8 27.
Rc2 Kf7 28. Kf2 Kg6 29. g4 h5 30. b4 Rd1 31. a4 hxg4 32. hxg4 Rh1 33. Kg2 Rh4
34. Rc3 Kf7 35. Rc7+ Kg6 36. Kg3 Rh1 37. Rxa7 Re1 38. Re7 Ra1 39. a5 Ra3+ 40. e3
Kh7 41. Kf3 Kg8 42. Rb7 Ra4 43. Rb6 Kf7 44. a6 {Black resigns} 1-0

[Event "Team 45 45 League T23"]
[Site "Internet Chess Club"]
[Date "2004.06.29"]
[Round "3"]
[White "Nikolay"]
[Black "Aldos"]
[Result "1-0"]
[WhiteElo "2298"]
[BlackElo "2062"]
[TimeControl "2700+45"]

1. e4 d5 2. exd5 Qxd5 3. Nc3 Qd6 4. d4 Nf6 5. Nf3 a6 6. Bc4 b5 7. Bb3 e6 8. Bg5
Be7 9. Qe2 O-O 10. O-O-O Qb6 11. Kb1 c5 12. dxc5 Qxc5 13. Bxf6 Bxf6 14. Ne4 Qe7
15. g4 g6 16. Nxf6+ Qxf6 17. g5 Qf5 18. Rhg1 Bb7 19. Nd4 Qe4 20. Qxe4 Bxe4 21.
Rge1 Bb7 22. a4 Nc6 23. axb5 Nxd4 24. Rxd4 axb5 25. Rd7 Bc6 26. Rc7 Rfc8 27.
Rxc8+ Rxc8 28. Rxe6 Rc7 29. Re5 Kf8 30. Rc5 Ke7 31. Bd5 Kd6 32. Rxc6+ Rxc6 33.
Bxc6 Kxc6 34. c3 Kd5 35. Kc2 Ke4 36. b3 Kd5 37. Kd3 Kc5 38. c4 bxc4+ 39. bxc4
{Black resigns} 1-0

[Event "Team 45 45 League T23"]
[Site "Internet Chess Club"]
[Date "2004.06.24"]
[Round "3"]
[White "smooth-moves04"]
[Black "jtayar88"]
[Result "1-0"]
[WhiteElo "2001"]
[BlackElo "2157"]
[TimeControl "2700+45"]

1. b4 e5 2. Bb2 Bxb4 3. Bxe5 Nf6 4. c4 O-O 5. Nf3 Nc6 6. Bb2 d5 7. cxd5 Nxd5 8.
e3 Bf5 9. Be2 Nb6 10. O-O Bd3 11. a3 Be7 12. Nc3 Nc4 13. Bxd3 Qxd3 14. Qb3 N6a5
15. Qa2 Bf6 16. Rac1 c6 17. Rfd1 b5 18. Ne1 Qg6 19. d4 Rad8 20. Nf3 Rfe8 21. Ne2
Rxe3 22. fxe3 Nxe3 23. Ng3 Nxd1 24. Rxd1 Nc4 25. Qb3 h5 26. Re1 h4 27. Ne4 h3
28. Nxf6+ Qxf6 29. Bc1 Qf5 30. g3 Rd6 31. Re8+ Kh7 32. Re7 Rf6 33. Ng5+ Kg6 34.
Bf4 Qd5 35. Qd3+ Rf5 36. Re2 c5 37. g4 {Black resigns} 1-0

[Event "Team 45 45 League T23"]
[Site "Internet Chess Club"]
[Date "2004.06.24"]
[Round "3"]
[White "MicroKidA"]
[Black "billarvola"]
[Result "0-1"]
[WhiteElo "2011"]
[BlackElo "1987"]
[TimeControl "2700+45"]

1. e4 e5 2. Nf3 Nc6 3. Bb5 a6 4. Ba4 Nf6 5. O-O Be7 6. Qe2 b5 7. Bb3 d6 8. h3
Na5 9. c3 Nxb3 10. axb3 Bb7 11. d3 O-O 12. Bg5 h6 13. Bh4 Re8 14. Nbd2 c5 15.
Rad1 Nd7 16. Bg3 Bf6 17. c4 b4 18. Rfe1 g6 19. Nf1 Bg7 20. Ne3 Rf8 21. Nd2 Nf6
22. Bh2 Nh5 23. g4 Nf4 24. Bxf4 exf4 25. Nd5 Bxd5 26. exd5 Bxb2 27. Ne4 Bd4 28.
Qf3 g5 29. h4 Kg7 30. h5 a5 31. Rb1 a4 32. bxa4 Rxa4 33. Nd2 Bc3 34. Red1 Ra2
35. Nb3 Qf6 36. Qe4 Qe5 37. Qxe5+ Bxe5 38. d4 cxd4 39. Nxd4 Bxd4 40. Rxd4 Rb8
41. Rb3 Rc2 42. Kg2 Kf6 43. Kf3 Re8 44. Re4 Rxe4 45. Kxe4 Rxc4+ 46. Kd3 Rc3+ 47.
Rxc3 bxc3 48. Kxc3 Ke5 49. f3 Kxd5 50. Kd3 Ke5 51. Kc4 f5 52. Kd3 fxg4 53. fxg4
Kd5 {White resigns} 0-1

[Event "Team 45 45 League T23"]
[Site "Internet Chess Club"]
[Date "2004.06.28"]
[Round "3"]
[White "JayW"]
[Black "VincentB"]
[Result "0-1"]
[WhiteElo "1677"]
[BlackElo "1509"]
[TimeControl "2700+45"]

1. e4 c5 2. Nc3 e6 3. g3 Nc6 4. Bg2 a6 5. d3 d6 6. Be3 Nf6 7. f4 Be7 8. Nf3 O-O
9. O-O Qc7 10. Qe2 b5 11. a3 Bb7 12. h3 d5 13. e5 d4 14. exf6 Bxf6 15. Bf2 dxc3
16. b3 Nd4 17. Nxd4 cxd4 18. Be4 Bxe4 19. Qxe4 Rad8 20. g4 h6 21. h4 Qc5 22. g5
hxg5 23. hxg5 Bxg5 24. fxg5 Qxg5+ 25. Qg2 Rd5 26. Qxg5 Rxg5+ 27. Kh2 Rd8 28. Rg1
Re5 29. Rae1 Rf5 30. Bg3 Rdd5 31. Re4 Rh5+ 32. Kg2 Rhg5 33. Rge1 f5 34. Rxe6 f4
35. R1e4 Rxg3+ 36. Kf2 Re3 37. Rxe3 fxe3+ 38. Kf3 Kf7 39. Rxa6 Rf5+ 40. Ke2 Rf2+
41. Ke1 Rxc2 42. a4 Rd2 43. axb5 Rxd3 44. Rc6 c2 45. Rxc2 Rxb3 46. Rc5 d3 47.
Kd1 Rb1+ 48. Rc1 Rxb5 {White resigns} 0-1

[Event "Team 45 45 League T23"]
[Site "Internet Chess Club"]
[Date "2004.06.27"]
[Round "3"]
[White "Ejykes72"]
[Black "GermanSevorin"]
[Result "0-1"]
[WhiteElo "1872"]
[BlackElo "2109"]
[TimeControl "2700+45"]

1. e4 c5 2. Nf3 e6 3. d4 cxd4 4. Nxd4 Nc6 5. Nc3 a6 6. Be3 Nge7 7. Be2 Nxd4 8.
Bxd4 Nc6 9. f4 Nxd4 10. Qxd4 b5 11. Bf3 Bb7 12. a3 Rc8 13. Rc1 Rc4 14. Qd3 Bc5
15. Rd1 Qc8 16. Ne2 Be7 17. c3 a5 18. b3 Rc5 19. O-O Ba6 20. b4 Rc4 21. Ra1 Qc7
22. Rfd1 a4 23. f5 Bf6 24. fxe6 dxe6 25. Rac1 Be5 26. h3 O-O 27. Qe3 Rc8 28. Rd3
h6 29. Rc2 Bb7 30. Nd4 Bc6 31. Be2 Be8 32. g4 Qe7 33. Nf3 Bb8 34. Rd4 Ba7 35.
Bxc4 Rxc4 36. Kg2 e5 37. Qd3 exd4 38. cxd4 Qc7 39. Ra2 Rc3 40. Qd2 Qc4 41. d5
Be3 42. Qb2 Qd3 43. d6 Bc6 44. e5 Bxf3+ {White resigns} 0-1

[Event "Team 45 45 League T23"]
[Site "Internet Chess Club"]
[Date "2004.06.26"]
[Round "3"]
[White "Tiree1"]
[Black "az2112"]
[Result "1/2-1/2"]
[WhiteElo "1982"]
[BlackElo "1717"]
[TimeControl "2700+45"]

1. d4 Nf6 2. Nf3 g6 3. Bg5 Bg7 4. Nbd2 O-O 5. e4 d6 6. Bd3 Nc6 7. a3 Re8 8. O-O
e5 9. d5 Ne7 10. Ne1 h6 11. Bh4 Ng4 12. Qe2 g5 13. Bg3 Ng6 14. f3 Nf6 15. c4 Nf4
16. Qd1 c6 17. Rc1 Qb6+ 18. Bf2 Qxb2 19. a4 Qb4 20. Nb3 c5 21. a5 Qa4 22. Ra1
Qd7 23. Bc2 Qc7 24. Nc1 Bd7 25. Na2 Qxa5 26. Nd3 N6h5 27. Be1 Qc7 28. Nf2 b5 29.
cxb5 Bxb5 30. Nc3 Bxf1 31. Kxf1 a6 32. g3 Ng6 33. f4 Nhxf4 34. gxf4 exf4 35. Ba4
Reb8 36. Bc6 Ra7 37. Nd3 Ne7 38. Ba4 f5 39. Ra3 fxe4 40. Nxe4 Nxd5 41. Ndxc5
Ne3+ 42. Rxe3 fxe3 43. Qd5+ Qf7+ 44. Qxf7+ Kxf7 45. Nxd6+ Kg6 46. Bc2+ Kh5 47.
Nde4 Be5 48. Nd3 Bxh2 49. Nf6+ Kg6 50. Ng4 Bd6 51. Nde5+ Kg7 52. Nc6 Rf7+ 53.
Ke2 Rc8 54. Nd4 Bf4 55. Bf5 Rc4 56. Be6 Rxd4 57. Bc3 {Game drawn by mutual
agreement} 1/2-1/2

[Event "Team 45 45 League T23"]
[Site "Internet Chess Club"]
[Date "2004.06.27"]
[Round "3"]
[White "Chess2Play"]
[Black "nminwalla"]
[Result "0-1"]
[WhiteElo "1680"]
[BlackElo "1712"]
[TimeControl "2700+45"]

1. d4 d5 2. c4 c6 3. Nc3 Nf6 4. Nf3 a6 5. cxd5 cxd5 6. Bg5 Ne4 7. Nxe4 dxe4 8.
Nh4 h6 9. Bd2 g5 10. Ng6 fxg6 11. e3 Bg7 12. Bc3 O-O 13. Be2 Qd5 14. b3 b5 15.
a4 Bb7 16. Bb4 Nc6 17. Bc5 e5 18. Bxf8 Rxf8 19. axb5 axb5 20. dxe5 Qxe5 21. Rc1
Rd8 22. Qc2 Nb4 23. Qc7 Rc8 24. Bc4+ bxc4 25. Qxe5 Bxe5 26. Rxc4 Nd3+ 27. Ke2
Rxc4 28. bxc4 Ba6 29. f4 gxf4 30. exf4 Bxf4 31. g3 Bg5 32. h4 Bf6 33. Ke3 Bxc4
34. Rb1 Bd5 35. Rb5 Bc6 36. Rb6 Ne5 37. Kf4 Kf7 38. Ra6 Ke6 39. Rb6 g5+ 40. hxg5
Bxg5# {White checkmated} 0-1

[Event "Team 45 45 League T23"]
[Site "Internet Chess Club"]
[Date "2004.06.24"]
[Round "3"]
[White "MAdBorg"]
[Black "Xidnan"]
[Result "1-0"]
[WhiteElo "1708"]
[BlackElo "1601"]
[TimeControl "2700+45"]

1. e4 c5 2. f4 Nc6 3. Nf3 d6 4. g3 g6 5. Bg2 Bg7 6. O-O e5 7. d3 Nge7 8. Nc3 O-O
9. Be3 Be6 10. a3 Qd7 11. Qd2 Bh3 12. Ng5 Bxg2 13. Qxg2 f6 14. Nf3 Nd4 15. Rac1
Nec6 16. Nd5 Ne7 17. Nxe7+ Qxe7 18. c3 Nxf3+ 19. Qxf3 Rac8 20. f5 Qd7 21. g4 Kh8
22. h4 Rg8 23. Kf2 Rcf8 24. Ke2 Rf7 25. Rh1 Bf8 26. Rcf1 Qb5 27. Bc1 Rfg7 28.
Rh2 Be7 29. Kd1 gxf5 30. gxf5 Rg3 31. Qe2 Qxd3+ 32. Qxd3 Rxd3+ 33. Ke2 Rgg3 34.
h5 Rh3 35. Rfh1 Rxh2+ 36. Rxh2 Rg3 37. Kf2 Rd3 38. Bh6 Kg8 39. Rg2+ Kf7 40. Rg7+
Ke8 41. Rxh7 Rh3 42. Bc1 Bf8 43. Rxb7 Rxh5 44. Rxa7 Rh2+ 45. Kg3 Rc2 46. Be3
Rxb2 47. a4 Rc2 48. a5 Rxc3 49. Kf2 Ra3 50. a6 c4 51. Ra8+ Ke7 52. a7 c3 53. Rc8
c2 54. Rxc2 Bh6 55. Bxh6 Rxa7 56. Rd2 Ra4 57. Ke3 Ra3+ 58. Rd3 Ra2 59. Rd2 Ra3+
60. Ke2 Ra4 61. Kf3 Ra3+ 62. Be3 Ra4 63. Rb2 Ra3 64. Rb7+ Ke8 65. Rc7 Kd8 66.
Rf7 d5 67. exd5 Rd3 68. Rxf6 Rxd5 69. Ke4 Ra5 70. Re6 Kd7 71. Rxe5 Rxe5+ 72.
Kxe5 Ke7 73. Bc5+ Kf7 74. Bd6 Kg8 75. Kf6 Kh7 76. Kf7 Kh8 77. f6 Kh7 78. Ke8 Kh8
79. f7 Kh7 80. f8=R Kg6 81. Rf1 Kg7 82. Ke7 Kg6 83. Ke6 Kg5 84. Bh2 Kg4 85. Ke5
Kh3 86. Rf3+ Kxh2 87. Ke4 Kg2 88. Rc3 Kf2 89. Rb3 Ke2 90. Rb2+ Kd1 91. Kd3 Kc1
92. Rf2 Kb1 93. Kc3 Ka1 94. Kb3 Kb1 95. Rf1# {Black checkmated} 1-0